 Dungeon Crawl Stone Soup version 0.29-a0-506-ga2e7fffb44 (webtiles) character file.

Game seed: 8249139342187885268

0 croobank the Covert (level 1, -2/23 HPs)
             Began as a Gnoll Delver on May 28, 2022.
             Slain by a gnoll
             ... wielding a +0 whip
              (4 damage)
             ... on level 4 of the Dungeon.
             The game lasted 00:02:26 (161 turns).

croobank the Covert (Gnoll Delver)                   Turns: 161, Time: 00:02:27

Health: -2/23      AC:  5    Str: 11    XL:     1   Next: 0%
Magic:  1/1        EV: 11    Int:  9    God:
Gold:   11         SH:  0    Dex: 13    Spells: 0/0 levels left

rFire   . . .      SeeInvis .   a - +0 hand axe
rCold   . . .      Faith    .   (no shield)
rNeg    . . .      Spirit   .   d - +0 ring mail
rPois   .          Reflect  .   (no helmet)
rElec   .          Harm     .   (no cloak)
rCorr   .          Rampage  .   (no gloves)
Will    .....                   (no boots)
Stlth   +++.......              (no amulet)
HPRegen 0.07/turn               (no ring)
MPRegen 0.07/turn               (no ring)

@: no status effects
A: fangs 1, strong nose, distributed training
a: no special abilities


You were on level 4 of the Dungeon.
You visited 1 branch of the dungeon, and saw 2 of its levels.

You collected 11 gold pieces.

Inventory:

Hand Weapons
 a - a +0 hand axe (weapon)
Armour
 b - a +0 leather armour
 d - a +0 ring mail (worn)
Wands
 g - a wand of digging (3)
Scrolls
 c - a scroll of fog


   Skills:
 + Level 6.4 Fighting
 + Level 0.0 Short Blades
 + Level 0.0 Long Blades
 + Level 4.4 Axes
 + Level 0.0 Maces & Flails
 + Level 0.0 Polearms
 + Level 0.0 Staves
 + Level 0.0 Slings
 + Level 0.0 Bows
 + Level 0.0 Crossbows
 + Level 0.0 Throwing
 + Level 0.0 Armour
 + Level 4.4 Dodging
 + Level 9.5 Stealth
 + Level 0.0 Shields
 + Level 0.0 Unarmed Combat
 + Level 0.0 Spellcasting
 + Level 0.0 Conjurations
 + Level 0.0 Hexes
 + Level 0.0 Summonings
 + Level 0.0 Necromancy
 + Level 0.0 Translocations
 + Level 0.0 Transmutations
 + Level 0.0 Fire Magic
 + Level 0.0 Ice Magic
 + Level 0.0 Air Magic
 + Level 0.0 Earth Magic
 + Level 0.0 Poison Magic
 + Level 0.0 Invocations
 + Level 0.0 Evocations


You couldn't memorise any spells.
You didn't know any spells.
Your spell library was empty.

Dungeon Overview and Level Annotations

Branches:
Dungeon (5/15)
 Temple: D:4-7

Altars:
Vehumet
Zin
The Shining One


Innate Abilities, Weirdness & Mutations

You have very sharp teeth.
Your uncanny sense of smell can sniff out nearby items.
Your experience applies equally to all skills.


Message History

You feel yourself slow down.
You continue putting on your +0 ring mail. x4
You finish putting on your +0 ring mail.
Found a stone staircase leading down.
Found an escape hatch in the ceiling.
An adder comes into view.
Found an emerald ring.
Found a stone staircase leading up.
The adder hisses angrily.
Found an Everburning Encyclopedia.
An adder comes into view.
Found a leather armour and a potion of haste.
The adder barely misses you. x2
The adder attacks as you move away! The adder bites you.
Found a scroll labelled ISUL FUAMIU.
There is an escape hatch in the ceiling here.
The adder closely misses you.
The gnoll hits you from afar with a +0 spear.
The gnoll hits you but does no damage. A mysterious force pulls you upwards.
The hatch slams shut behind you.
Found a glowing golden altar of the Shining One.
Found a stone staircase leading up.
The adder attacks as you move away! The adder misses you.
The gnoll hits you but does no damage. The adder bites you.
You are poisoned.
The adder poisons you! The gnoll attacks as you move away!
The gnoll hits you with a +0 whip.
You feel sick.
You feel sick. The adder bites you.
You feel sick. The adder bites you but does no damage.
You feel sick. The adder attacks as you move away!
The adder bites you but does no damage.
Found 11 gold pieces.
You feel sick.
You are no longer poisoned.
The gnoll attacks as you move away! The gnoll hits you but does no damage.
The adder attacks as you move away! The adder bites you.
* * * LOW HITPOINT WARNING * * *
The adder bites you but does no damage.
There is a stone staircase leading up here.
The gnoll hits you with a +0 whip.
You die...

#.........#
#...##
#....# #.
#..#.....#
#..##...##
#....._...
#..##...##.
#Sg#.....#
#@...#.#..
#...##
###....
...$..
#.........
....##
#........
......
#.......
.....
#...##.#
###.
#...##.###


You could see a gnoll and an adder.

Vanquished Creatures (others)
  7 plants (D:5)
7 creatures vanquished.

Notes
Turn   | Place    | Note
-------+----------+-------------------------------------------
     0 | D:5      | Reached skill level 9 in Stealth
     0 | D:5      | croobank the Gnoll Delver began the quest for the Orb.
     0 | D:5      | Reached XP level 1. HP: 23/23 MP: 1/1
     5 | D:5      | Noticed a scorpion
    27 | D:5      | Found a radiant altar of Vehumet.
    30 | D:5      | Noticed a jelly
    80 | D:5      | Noticed a phantom
   106 | D:4      | Found a glowing silver altar of Zin.
   153 | D:4      | Found a glowing golden altar of the Shining One.
   161 | D:4      | Slain by a gnoll

Illustrated notes

Levels and vault maps discovered:
D:4:      layout_gridville, mainiacjoe_overflow_brackets,
          mainiacjoe_overflow_small_starburst, mainiacjoe_overflow_paths,
          overflow_temple_1_default, hangedman_abyss_or_decor_stagger,
          minmay_misc_feat_rugged
D:5:      layout_rooms, mainiacjoe_overflow_chevrons,
          gammafunk_ghost_nasty_kobolds, enter_ossuary_3

Skill      XL: | |
---------------+-+-----
Stealth        | |  9.5
Fighting       | |  6.4
Axes           | |  4.4
Dodging        | |  4.4

Action                   || total
-------------------------++-------
  Use: Scroll            ||     2
       Potion            ||     1
Armor: Ring mail         ||     6
Dodge: Dodged            ||     9

Table legend: (Time is in decaauts)
 A = Elapsed time spent in this place.
 B = Non-inter-level travel time spent in this place.
 C = Inter-level travel time spent in this place.
 D = Time resting spent in this place.
 E = Time spent auto-exploring this place.
 F = Levels seen in this place.
 G = Mean time per level.
                   A        B        C        D        E       F      G
               +--------+--------+--------+--------+--------+-----+--------+
         Total |    141 |    141 |      0 |      0 |      0 |   2 |   70.5 |
       Dungeon |    141 |    141 |      0 |      0 |      0 |   2 |   70.5 |
               +--------+--------+--------+--------+--------+-----+--------+

Top non-repeatable levels by time:
     D:5: 119 daAuts
     D:4: 21 daAuts
